 Dungeon Crawl Stone Soup version 0.28.0-53-g5a82cb258f (webtiles) character file.

Game seed: 5910936854304844926

1676 Zeld the Destroyer (level 8, -1/57 HPs)
             Began as a Red Draconian Conjurer on May 27, 2022.
             Was an Initiate of Gozag.
             Slain by Maggie
             ... wielding a +2 morningstar of protection
              (7 damage)
             ... on level 6 of the Dungeon.
             The game lasted 00:09:45 (9628 turns).

Zeld the Destroyer (Red Draconian Conjurer)         Turns: 9628, Time: 00:09:45

Health: -1/57      AC:  8    Str:  9    XL:     8   Next: 70%
Magic:  2/18       EV: 12    Int: 21    God:    Gozag
Gold:   250        SH:  5    Dex: 10    Spells: 10/21 levels left

rFire   + . .      SeeInvis .   (no weapon)
rCold   . . .      Faith    .   (no shield)
rNeg    . . .      Spirit   .   (armour unavailable)
rPois   .          Reflect  +   (helmet restricted)
rElec   .          Harm     .   (no cloak)
rCorr   .          Rampage  .   m - +0 pair of gloves
Will    .....                   j - +0 pair of boots
Stlth   ++........              n - amulet of reflection
HPRegen 0.19/turn               (no ring)
MPRegen 0.16/turn               (no ring)

@: short of breath, mesmerised
A: breathe fire, AC +6, unfitting armour, fire resistance 1, cold-blooded
a: Breathe Fire, Renounce Religion, Potion Petition, Call Merchant, Bribe Branch


You were on level 6 of the Dungeon.
You worshipped Gozag.
Gozag was aware of your devotion.
You visited 2 branches of the dungeon, and saw 8 of its levels.

You collected 467 gold pieces.
You spent 97 gold pieces at shops.
You paid 120 gold pieces to Gozag.

Inventory:

Armour
 j - a +0 pair of boots (worn)
 m - a +0 pair of gloves (worn)
Jewellery
 n - an amulet of reflection (around neck)
Wands
 h - a wand of paralysis (12)
 t - a wand of polymorph (13)
 u - a wand of acid (9)
Scrolls
 a - 3 scrolls of fear {unknown}
 e - a scroll of vulnerability {unknown}
 i - a scroll of enchant weapon {unknown}
 l - 2 scrolls of identify {unknown}
 q - a scroll of noise {unknown}
 r - 3 scrolls of magic mapping {unknown}
 s - 3 scrolls of enchant armour {unknown}
 v - a scroll of summoning {unknown}
Potions
 b - 3 potions of cancellation {unknown}
 c - a potion of degeneration {unknown}
 d - 6 potions of curing {unknown}
 f - 2 potions of resistance {unknown}
 o - a potion of lignification {unknown}
 p - a potion of invisibility {unknown}
 w - a potion of attraction {unknown}


   Skills:
 - Level 1.7 Dodging
 - Level 1.7 Stealth
 + Level 7.1 Spellcasting
 + Level 8.5 Conjurations
 - Level 2.0 Hexes
 - Level 2.0 Translocations


You had 10 spell levels left.
You knew the following spells:

 Your Spells              Type           Power      Damage    Failure   Level
a - Magic Dart            Conj           100%       1d8       1%          1
b - Searing Ray           Conj           86%        2d7       1%          2
c - Fulminant Prism       Conj/Hex       14%        3d9       10%         4
d - Iskenderun's Mystic   Conj/Tloc      29%        2d7       10%         4

Your spell library contained the following spells:

 Spells                   Type           Power      Damage    Failure   Level
 Static Discharge         Conj/Air       25%        N/A       2%          2
 Dazzling Flash           Conj/Hex       58%        N/A       3%          3
 Blink                    Tloc           30%        N/A       6%          2
 Sting                    Tmut/Pois      28%        1d4       9%          1
 Lesser Beckoning         Tloc           15%        N/A       12%         3
 Poisonous Vapours        Pois/Air       14%        N/A       13%         2
 Sticky Flame             Conj/Fire      25%        2d5       16%         4
 Dispel Undead            Necr           7%         3d8       65%         4
 Olgreb's Toxic Radiance  Pois           7%         N/A       65%         4
 Manifold Assault         Tloc           15%        N/A       71%         5
 Summon Forest            Summ/Tloc      5%         N/A       85%         5
 Summon Mana Viper        Hex/Summ       11%        N/A       85%         5
 Summon Cactus Giant      Summ           3%         N/A       100%        6


Dungeon Overview and Level Annotations

Branches:
Dungeon (7/15)             Temple (1/1) D:5

Altars:
Ashenzari
Cheibriados
Elyvilon
Fedhas
Gozag
Kikubaaqudgha
Makhleb
Nemelex Xobeh
Okawaru
Qazlal
Ru
Sif Muna
Trog
Uskayaw
Wu Jian
Xom
Yredelemnul
Zin
The Shining One

Shops:
D:2 !   D:3 (   D:4 *

Annotations:
D:6 Maggie


Innate Abilities, Weirdness & Mutations

You can breathe blasts of fire.
Your fiery red scales are hard. (AC +6)
You cannot fit into any form of body armour.
Your flesh is heat resistant. (rF+)
You are cold-blooded and may be slowed by cold attacks.


Message History

* * * LOW HITPOINT WARNING * * *
You closely miss Maggie.
Maggie is heavily wounded.
Maggie hits you with a +2 morningstar of protection.
* * * LOW HITPOINT WARNING * * *
You hit Maggie but do no damage. You tail-slap Maggie, but do no damage.
Maggie is heavily wounded.
You block Maggie's attack.
You closely miss Maggie.
Maggie is heavily wounded.
Maggie closely misses you.
You hit Maggie but do no damage.
Maggie is heavily wounded.
Maggie closely misses you.
You hit Maggie but do no damage.
Your tail-slap misses Maggie.
Maggie is heavily wounded.
Maggie barely misses you.
You hit Maggie but do no damage.
Maggie is heavily wounded.
Maggie hits you with a +2 morningstar of protection.
* * * LOW HITPOINT WARNING * * *
You barely miss Maggie.
Maggie is heavily wounded.
Maggie gives herself a magical halo, but it quickly sputters out.
Maggie gestures wildly while chanting.
Maggie draws you further into her thrall.
You barely miss Maggie. You tail-slap Maggie.
Maggie is heavily wounded.
Maggie hits you but does no damage.
You hit Maggie but do no damage.
Maggie is heavily wounded.
You have got your breath back.
Maggie barely misses you.
Aiming: Breathe Fire (4% risk of failure)
Press: ? - help, Shift-Dir - straight line, f/p - Maggie
Aim: Maggie, wielding a +2 morningstar of protection and wearing +0 steam dragon scales (heavily wounded, mesmerising, 68% to hit)
You breathe a blast of fire.
The fiery breath misses Maggie.
Maggie hits you with a +2 morningstar of protection!
You die...
Your body crumbles into a pile of gold.

#...#[.....#
#.#.#.#....#
#.#..#.....#
#....[.##'##
#.#..#.##.#
#....#.##.########
####.#.#.........#
#.#.+.).......#
#@###.......(.#
#@# #.........#
#.# ############.$
#.# ..... #.#
...... #ยง#
####......
#.######.$.......
#......@.........
########.........


You could see Maggie (mesmerising).

Vanquished Creatures
  Eustachio (D:4)
  A sky beast (D:6)
  2 necrophages (D:5)
  A black bear (D:7)
  An ice beast (D:5)
  2 ogres
  A phantom (D:4)
  A wyvern skeleton (D:6)
  A water moccasin skeleton (D:4)
  4 wights
  2 centaur zombies
  A bullfrog zombie (D:5)
  An orc priest (D:6)
  A jelly (D:5)
  2 centaur skeletons
  A hound (D:4)
  An iguana (D:5)
  An orc wizard (D:6)
  A killer bee zombie (D:6)
  A hound skeleton (D:4)
  Robin (D:4)
  A gnoll (D:2)
  A howler monkey skeleton (D:4)
  7 adders
  A shadow imp (D:6)
  An adder skeleton (D:4)
  A worm (D:3)
  4 dart slugs
  3 orcs
  7 ball pythons
  2 bats
  11 endoplasms
  2 giant cockroaches (D:1)
  17 goblins
  5 hobgoblins
  3 quokkas
  4 frilled lizards
  10 kobolds
  7 rats
115 creatures vanquished.

Vanquished Creatures (others)
  A kobold brigand (D:7)
  4 fulminant prisms (D:6)
5 creatures vanquished.

Grand Total: 120 creatures vanquished

Notes
Turn   | Place    | Note
-------+----------+-------------------------------------------
     0 | D:1      | Zeld the Draconian Conjurer began the quest for the Orb.
     0 | D:1      | Reached XP level 1. HP: 14/14 MP: 3/3
   161 | D:1      | Found a faded altar of an unknown god.
   207 | D:1      | Reached XP level 2. HP: 20/20 MP: 0/5
   354 | D:1      | Reached skill level 1 in Translocations
   366 | D:1      | Reached skill level 1 in Hexes
   381 | D:1      | Learned a level 2 spell: Searing Ray
  1215 | D:2      | Reached XP level 3. HP: 26/26 MP: 0/6
  1406 | D:2      | Found Jyrilat's Distillery.
  1413 | D:2      | Bought a potion of heal wounds for 55 gold pieces
  2368 | D:3      | Reached XP level 4. HP: 33/33 MP: 2/7
  2383 | D:3      | Learned a level 4 spell: Fulminant Prism
  2563 | D:3      | Found a large runed translucent door.
  2565 | D:3      | Found a large runed translucent door.
  2569 | D:3      | Found Ryrul's Weapon Shoppe.
  2806 | D:3      | Found an ancient bone altar of Kikubaaqudgha.
  2846 | D:3      | Found a sacrificial altar of Ru.
  3527 | D:3      | Found a bloodstained altar of Trog.
  3810 | D:3      | Found a hide-covered altar of Uskayaw.
  3810 | D:3      | Found a glowing silver altar of Zin.
  3967 | D:4      | Noticed Eustachio
  4403 | D:4      | Found Fuq Xos's General Store.
  4443 | D:4      | Bought a scroll of teleportation for 42 gold pieces
  4566 | D:4      | Reached XP level 5. HP: 38/38 MP: 5/9
  4740 | D:4      | Killed Eustachio
  4741 | D:4      | Reached skill level 5 in Conjurations
  4741 | D:4      | Reached XP level 6. HP: 35/45 MP: 2/11
  4746 | D:4      | Learned a level 4 spell: Iskenderun's Mystic Blast
  5258 | D:4      | Noticed Robin
  5264 | D:4      | Killed Robin
  5266 | D:4      | Reached skill level 6 in Conjurations
  5561 | D:4      | Your scales start taking on a fiery red colour.
  5561 | D:4      | Reached XP level 7. HP: 46/50 MP: 5/13
  5561 | D:4      | Gained mutation: Your flesh is heat resistant. (rF+) [Red
                  | Draconian growth]
  5748 | D:5      | Entered Level 5 of the Dungeon
  5767 | D:5      | Reached skill level 5 in Spellcasting
  6024 | D:5      | Reached skill level 7 in Conjurations
  6126 | D:5      | Found a staircase to the Ecumenical Temple.
  6145 | Temple   | Entered the Ecumenical Temple
  6401 | Temple   | Became a worshipper of Gozag Ym Sagoz the Greedy
  6577 | D:5      | Reached XP level 8. HP: 24/57 MP: 1/16
  8006 | D:6      | Noticed Maggie
  8294 | D:6      | HP: 1/57 [something (6)]
  9075 | D:7      | Reached skill level 8 in Conjurations
  9628 | D:6      | Slain by Maggie

Illustrated notes

Levels and vault maps discovered:
D:1:      onia_arrival_mini_spirals, layout_rooms,
          ebering_ecumenical_altar_rust, minmay_misc_feat_rows,
          minmay_tromino_mix6
D:2:      layout_basic, serial_shops, shop, minmay_tripent
D:3:      layout_basic, lemuel_coloured_pillars_altar, jmf_multi_god_temple2,
          mainiacjoe_overflow_divided_tiny, serial_shops, shop_statue
D:4:      layout_cave_pools, serial_shops, nicolae_shop_hallway_stairs,
          uniq_eustachio, uniq_robin
D:5:      layout_loops_ring, minmay_temple_entry_tees
D:6:      layout_basic, uniq_maggie
D:7:      layout_gridville, minmay_misc_feat_enclosed, uniq_menkaure
Temple:   minmay_temple_curvy_branch

Skill      XL: |  1  2  3  4  5  6  7  8 |
---------------+-------------------------+-----
Translocations | 1 2 |  2.0
Hexes          | 1 2 |  2.0
Spellcasting   | 3 4 5 7 |  7.1
Conjurations   | 5 6 7 8 |  8.5
Dodging        | |  1.7
Stealth        | |  1.7

Action                   |  1- 3 |  4- 6 |  7- 9 || total
-------------------------+-------+-------+-------++-------
Melee: Unarmed           |    24 |    30 |    43 ||    97
       Tailslap          |     2 |     3 |     6 ||    11
       Punch             |       |       |     1 ||     1
 Cast: Magic Dart        |    45 |    20 |     5 ||    70
       Searing Ray       |    14 |    45 |    29 ||    88
       Iskenderun's Myst |       |       |    21 ||    21
       Fulminant Prism   |       |       |     4 ||     4
 Abil: Breathe Fire      |       |       |    12 ||    12
  Use: Scroll            |       |       |     4 ||     4
       Potion            |       |       |     1 ||     1
 Stab: Sleeping          |     1 |       |       ||     1
Armor: Skin              |    23 |    84 |    29 ||   136
Dodge: Dodged            |    21 |    98 |    56 ||   175
Block: Other             |       |    48 |    19 ||    67
       Reflection        |       |     2 |     2 ||     4
